 Dungeon Crawl Stone Soup version 0.22-a0-877-g5c4e1af (webtiles) character file.

35 iamserjio the Chiller (level 3, -4/24 HPs)
             Began as a Barachi Ice Elementalist on July 29, 2018.
             Slain by an ogre
             ... wielding a +0 giant club
              (14 damage)
             ... on level 2 of the Dungeon.
             The game lasted 00:04:11 (567 turns).

iamserjio the Chiller (Barachi Ice Elementalist)     Turns: 567, Time: 00:04:11

Health: -4/24      AC:  9    Str:  9    XL:     3   Next: 33%
Magic:  0/6        EV: 12    Int: 18    God:
Gold:   17         SH:  0    Dex: 12    Spells: 2/6 levels left

rFire    . . .     SeeInvis .   d - +0 club
rCold    . . .     Gourm    .   (no shield)
rNeg     . . .     Faith    .   a - +0 robe
rPois    .         Spirit   .   (no helmet)
rElec    .         Reflect  .   (no cloak)
rCorr    .         Harm     .   (no gloves)
MR       .....                  (no boots)
Stlth    ++........             (no amulet)
HPRegen  0.08/turn              j - +2 ring of intelligence
MPRegen  0.10/turn              m - +2 ring of protection

@: icy armour, slow
A: +LOS, swims, slowness 1, strong legs 1
a: Hop


You were on level 2 of the Dungeon.
You were not hungry.

You visited 1 branch of the dungeon, and saw 3 of its levels.

You collected 17 gold pieces.

Inventory:

Hand Weapons
 d - a +0 club (weapon)
 k - a +0 hunting sling
 l - a cursed -3 dagger
Armour
 a - a +0 robe (worn)
Jewellery
 j - a +2 ring of intelligence (left hand)
 m - a +2 ring of protection (right hand)
Scrolls
 b - 2 scrolls of enchant armour {unknown}
 e - 2 scrolls of identify {unknown}
 f - 2 scrolls of remove curse {unknown}
 g - a scroll of blinking {unknown}
Potions
 h - a potion of invisibility {unknown}
 i - a potion of curing {unknown}
Comestibles
 c - 3 rations


   Skills:
 - Level 2.1 Dodging
 - Level 1.7 Stealth
 - Level 2.1 Spellcasting
   Level 1.1 Conjurations
 * Level 5.2 Ice Magic


You had 2 spell levels left.
You knew the following spells:

 Your Spells              Type           Power        Failure   Level  Hunger
a - Freeze                Ice            ###.         1%          1    #......
b - Ozocubu's Armour      Chrm/Ice       ##......     19%         3    ###....

Your spell library contained the following spells:

 Spells                   Type           Power        Failure   Level  Hunger
 Throw Frost              Conj/Ice       ##....       8%          2    ###....
 Summon Ice Beast         Ice/Summ       ##......     52%         4    #####..
 Throw Icicle             Conj/Ice       ##......     43%         4    #####..


Dungeon Overview and Level Annotations

Branches:
Dungeon (3/15)

Altars:
Makhleb


Innate Abilities, Weirdness & Mutations

Shadows flee at your approach. (+LOS)
You can swim through water.
You cover ground slowly.
You can hop short distances.


Message History

Confirm with . or Enter, or press ? or * to list all spells.
Aiming: Freeze (safe; 1% risk of failure)
Press: ? - help, Shift-Dir - straight line, f/p - ogre
Aim: an ogre, wielding a giant club (moderately wounded)
You freeze the ogre.
The ogre is moderately wounded.
The ogre hits you with a giant club!
Casting: Freeze (safe; 1% risk of failure)
Confirm with . or Enter, or press ? or * to list all spells.
Aiming: Freeze (safe; 1% risk of failure)
Press: ? - help, Shift-Dir - straight line, f/p - ogre
Aim: an ogre, wielding a giant club (moderately wounded)
You freeze the ogre.
The ogre is heavily wounded.
The ogre hits you with a giant club.
You completely miss the ogre.
The ogre is heavily wounded.
The ogre hits you with a giant club!
Ouch! That really hurt!
You die...

#.# #.# #.# #†# ### #.# #.#
..# #.# #.# ..# #.# #.# ..#
#.# #.# ..#####.##### #.#
..'.........######.#
..###.....#.#$..@O.#####
..# #.#.#.# #.##...........
..# #.#.#.# #............
..# #.#.#.# #............
### #.#.. # #............
#.#.# #............
#####.#####.# #<##+#.......
................[.......###
....#.#######......#.##.#


You could see an ogre.

Vanquished Creatures
  An adder (D:2)
  A giant cockroach (D:1)
  4 goblins
  3 hobgoblins
  2 ball pythons (D:1)
  7 bats
  3 kobolds
  2 rats
23 creatures vanquished.

Notes
Turn   | Place    | Note
-------+----------+-------------------------------------------
     0 | D:1      | iamserjio the Barachi Ice Elementalist began the quest for the Orb.
     0 | D:1      | Reached XP level 1. HP: 13/13 MP: 3/3
    77 | D:1      | Reached skill level 4 in Ice Magic
    95 | D:1      | Reached XP level 2. HP: 19/19 MP: 0/5
   283 | D:2      | Noticed an ogre
   296 | D:2      | Found a faded altar of an unknown god.
   328 | D:2      | Found a burning altar of Makhleb.
   390 | D:2      | Reached skill level 5 in Ice Magic
   390 | D:2      | Reached XP level 3. HP: 24/24 MP: 4/6
   551 | D:2      | Learned a level 3 spell: Ozocubu's Armour
   567 | D:2      | Slain by an ogre

Vault maps used:
D:1:      lightli_arrival_maybe_door_vault
D:2:      chequers_ecumenical_altar_simple, bloody_makhleb
D:3:      lemuel_upstairs_altar, led_sif_pool

Skill      XL: |  1  2 |
---------------+-------+-----
Ice Magic      | 4 5 |  5.2
Dodging        | |  2.1
Stealth        | |  1.7
Spellcasting   | |  2.1
Conjurations   | |  1.1

Action                   || total
-------------------------++-------
Melee: Unarmed           ||     2
       Club              ||     7
 Cast: Freeze            ||    32
       Ozocubu's Armour  ||     1
Armor: Robe              ||     7
Dodge: Dodged            ||    21

Table legend:
 A = Spawn XP
 B = Non-spawn XP
 C = Spawn XP percentage of total XP
 D = Spawn monster count
 E = Non-spawn monster count
 F = Spawn count percentage of total count
 G = Total turns spent on level
                    A         B        C        D         E        F      G
               +---------+---------+-------+---------+---------+-------+---------
         Total |       0 |      50 |   0.0 |       0 |      23 |   0.0 |   567
               +---------+---------+-------+---------+---------+-------+---------
           D:1 |       0 |      20 |   0.0 |       0 |      12 |   0.0 |   286
           D:2 |       0 |      28 |   0.0 |       0 |      10 |   0.0 |   274
           D:3 |       0 |       2 |   0.0 |       0 |       1 |   0.0 |     7
               +---------+---------+-------+---------+---------+-------+---------
